 Dungeon Sprint DCSS version 0.16.2-12-gd0ad4c3 (webtiles) character file.

44458 musteatbrain the Warrior (level 13, -5/119 HPs)
             Began as a Demonspawn Berserker on Oct 16, 2015.
             Was a Priest of Trog.
             Killed by divine providence
             ... invoked by a deep elf high priest
              (11 damage)
             ... in the Dungeon (Sprint V: "Ziggurat Sprint").
             The game lasted 00:36:22 (1231 turns).

musteatbrain the Warrior (Demonspawn Berserker)     Turns: 1231, Time: 00:36:22

Health: -5/119     AC: 42    Str: 24    XL:     13   Next: 96%
Magic:  26/26      EV: 14    Int: 13    God:    Trog [***...]
Gold:   0          SH: 32    Dex: 32    Spells: 0 memorised, 12 levels left

rFire  . . .     SeeInvis +     H - +14 obsidian axe {chop, +Fly Str+3 SInv Curse}
rCold  + . .     Clarity  .     I - +15 Maxwell's patent armour {-Cast -Tele rElec MR+ rCorr} (curse)
rNeg   + + +     SustAb   .     J - +18 shield of the gong {rElec rN+ MR+ EV-5}
rPois  +         Gourm    .     A - +1 helmet {Int+3}
rElec  +         Spirit   .     C - +0 cloak "Maedo" {rN+++ Dex+2}
rCorr  +         Warding  .     Q - +2 pair of gloves {Str+3}
rMut   .         NoTele   +     N - +2 pair of boots {Fly}
MR     ++++.     NoCast   +     (no amulet)
Stlth  ..........               x - +6 ring of dexterity
                                y - +6 ring of dexterity (curse)

@: exhausted, mesmerised, very slightly contaminated, regenerating, hasted and
slowed, studying Maces & Flails, incredibly resistant to hostile enchantments,
extremely unstealthy
A: hooves 2, agile 1, cold resistance 1, demonic guardian 1, foul stench 1,
poison resistance, rot immunity
a: Burn Spellbooks, Berserk, Trog's Hand, Renounce Religion, Evoke Flight


You were in the Dungeon.
You worshipped Trog.
Trog was most pleased with you.
You were not hungry.

You visited 1 branch

Inventory:

Hand weapons
 H - the +14 obsidian axe (weapon) {chop, +Fly Str+3 SInv Curse}
   (You found it in the Dungeon)

   It inflicts extra damage upon your enemies.
   It affects your strength (+3).
   It enhances your eyesight.
   It lets you fly.
   It may re-curse itself when equipped.
Armour
 A - a +1 helmet of intelligence (worn)
 C - the +0 cloak "Maedo" (worn) {rN+++ Dex+2}
   (You found it in the Dungeon)

   It affects your dexterity (+2).
   It renders you almost immune to negative energy.
 I - the cursed +15 Maxwell's patent armour (worn) {-Cast -Tele rElec MR+ rCorr}
   (You found it in the Dungeon)

   It insulates you from electricity.
   It affects your resistance to hostile enchantments.
   It prevents spellcasting.
   It prevents most forms of teleportation.
   It protects you from acid and corrosion.
   It has a curse placed upon it.
 J - the +18 shield of the gong (worn) {rElec rN+ MR+ EV-5}
   (You found it in the Dungeon)

   It affects your evasion (-5).
   It insulates you from electricity.
   It protects you from negative energy.
   It affects your resistance to hostile enchantments.
 K - a +5 crystal plate armour
 L - a +5 gold dragon armour
 N - a +2 pair of boots of flying (worn)
 O - a +1 hat of intelligence
 Q - a +2 pair of gloves of strength (worn)
Jewellery
 x - a +6 ring of dexterity (right hand)
 y - a cursed +6 ring of dexterity (left hand)
Magical devices
 D - a wand of disintegration (7)
 E - a wand of fire (5)
 G - a wand of draining (5)
 U - a wand of teleportation (4)
 Z - a wand of hasting (3)
Scrolls
 b - 3 scrolls of enchant armour
 i - 4 scrolls of blinking
 o - 4 scrolls of enchant weapon
 q - 3 scrolls of recharging
 s - a scroll of identify
 t - 4 scrolls of remove curse
 S - a scroll of brand weapon
Potions
 d - 9 potions of curing
 f - 5 potions of haste
 g - 7 potions of magic
 h - 3 potions of berserk rage
 j - 2 potions of brilliance
 k - 2 potions of invisibility
 l - a potion of restore abilities
 m - 4 potions of resistance
 p - 6 potions of might
 P - a potion of agility
Books
 u - Visuyca's Catalogue of Attacks and Fire
   (You found it in the Dungeon)

   Spells                             Type                      Level
   a - Conjure Flame                  Conjuration/Fire             3
   b - Bolt of Magma                  Conjuration/Fire/Earth       5
   c - Delayed Fireball               Conjuration/Fire             7
   Trog disapproves of the use of such an item.
 z - Sif Muna's Handbook of the Assorted Hells
   (You found it in the Dungeon)

   Spells                             Type                      Level
   a - Pain                           Necromancy                   1
   b - Blink                          Translocation                2
   c - Portal Projectile              Translocation                3
   d - Control Undead                 Necromancy                   4
   e - Dispel Undead                  Necromancy                   5
   Trog disapproves of the use of such an item.
 F - a manual of Maces & Flails
 X - a book of Burglary

   Spells                             Type                      Level
   a - Swiftness                      Charms/Air                   2
   b - Passwall                       Transmutation/Earth          3
   c - Passage of Golubria            Translocation                4
   d - Lee's Rapid Deconstruction     Earth                        5
   e - Invisibility                   Hexes                        6
   f - Darkness                       Hexes                        7
   Trog disapproves of the use of such an item.
Miscellaneous
 a - a plain deck of wonders
 r - a plain deck of wonders {drawn: 1}
 B - a sack of spiders
 M - a plain deck of wonders
 R - a disc of storms
 T - a box of beasts
 V - a plain deck of changes
 W - a sack of spiders
 Y - a disc of storms
Comestibles
 c - 2 bread rations
 v - 42 fruits
 w - 4 meat rations


   Skills:
 + Level 16.4 Fighting
 + Level 15.4 Axes
 + Level 13.6 Armour
 + Level 13.3 Dodging
 - Level 10.9 Shields
 - Level 10.0 Evocations


You had 12 spell levels left.
You didn't know any spells.

Dungeon Overview and Level Annotations

Branches:
Dungeon (1/1)

Altars:
Ashenzari
Cheibriados
Dithmenos
Elyvilon
Fedhas
Gozag
Kikubaaqudgha
Makhleb
Nemelex Xobeh
Okawaru
Qazlal
Ru
Sif Muna
Trog
Vehumet
Xom
Yredelemnul
Zin
The Shining One
Beogh
Jiyva
Lugonu


Innate Abilities, Weirdness & Mutations

You have hoof-like feet.
A weak demonic guardian rushes to your aid.
You emit a foul stench.
You are immune to rotting.
You are agile. (Dex +2)
Your flesh is cold resistant.
Your system is resistant to poisons.


Message History

Your quasit barely misses the deep elf sorcerer.
Your quasit tries to attack the deep elf sorcerer, but flinches away.
Your quasit barely misses the deep elf sorcerer.
The deep elf conjurer hits your neqoxec with a +1 broad axe of venom.
You block the deep elf conjurer's attack.
SHROANNG!
The deep elf knight hits you with a long sword.
* * * LOW HITPOINT WARNING * * *
The deep elf knight looks sick.
The deep elf fighter gestures wildly while chanting.
The deep elf fighter blinks!
The chaos spawn gores your quasit but does no damage.
Your neqoxec misses the deep elf conjurer.
The deep elf knight closely misses you. You block the demonic crawler's attack.
GONNNNG!
The demonic crawler closely misses you. You block the demonic crawler's attack.
GONNNNG!
The deep elf high priest calls down the wrath of its god upon you.
Something smites you!
You die...

......... ▓.........
........... ▓.........
∆∆∆∆∆∆∆
.............▓.....)...
∆∆∆∆∆∆∆
▓.............▓.........
∆∆∆∆∆
▓.............▓▓▓▓▓▓▓▓▓▓
..▓...e.*.▓..▓...8©8.≈.
▓ ▓.▓rseer▓.▓ ▓..)≈)[≈).
▓..▓4reeee.▓..▓.≈|[≈[[.≈
▓...3ee@eee...▓...≈...≈.
▓...45s3e§....▓≈≈...≈.≈.
▓▓▓▓▓▓▓▓▓▓▓▓▓▓▓...).≈..≈
▓.≈.)))≈≈. ▓...(.≈.≈≈ ∆
▓.▓.†≈..▓≈ ▓≈≈.≈(.≈≈.
▓▓▓▓▓▓▓▓▓▓


You could see a deep elf blademaster, a deep elf sorcerer, a demonic crawler, 4
deep elf knights, a deep elf summoner, a deep elf high priest, a rust devil, a
deep elf conjurer, a blue devil, a chaos spawn, a redback, 4 deep elf magi, 3
hell rats, a friendly neqoxec and a friendly quasit.

Vanquished Creatures
  A deep elf blademaster (D)
  Polyphemus (D)
  2 daevas (D)
  An angel (D)
  An ice dragon (D)
  4 spriggan air magi (D)
  3 anacondas (D)
  A merfolk avatar (D)
  A satyr (D)
  A spriggan berserker (D)
  2 cherubim (D)
  A shambling mangrove (D)
  An oklob plant (D)
  A faun (D)
  A spiny frog (D)
  A dryad (D)
  A demonic crawler (D)
  A jumping spider (D)
  A fire drake (D)
  A komodo dragon (D)
  A giant leech (shapeshifter) (D)
  A wind drake (D)
  A snapping turtle (D)
  A blink frog (D)
  A spriggan (D)
  A yak (D)
  A golden eye (D)
  A chaos spawn (D)
  3 porcupines (D)
  2 hell hounds (D)
  An ice beast (D)
  A phantom (D)
  An eye of draining (D)
  A crocodile (D)
  2 giant frogs (D)
  A crimson imp (D)
  A wight (D)
  A hound (D)
  2 jellies (D)
  2 iron imps (D)
  An orc wizard (D)
  3 orc priests (D)
  2 mummies (D)
  An adder (D)
  A river rat (D)
  A shadow imp (D)
  2 white imps (D)
  5 ufetubi (D)
  4 adder zombies (D)
  2 orcs (D)
  A bat skeleton (D)
  A bat zombie (D)
  3 oozes (D)
  2 quokkas (D)
  A quokka skeleton (D)
  A quokka zombie (D)
84 creatures vanquished.

Vanquished Creatures (collateral kills)
  Gastronok (D)
  Snorg (D)
  A merfolk javelineer (D)
  Harold (D)
  A death yak (D)
  A satyr (D)
  A hell hog (D)
  A sea snake (D)
  An ice devil (D)
  A harpy (D)
  A shambling mangrove (D)
  A water nymph (D)
  A griffon (D)
  2 sirens (D)
  An efreet (D)
  A tormentor (D)
  A hellwing (D)
  A dryad (D)
  2 merfolk (D)
  2 fire drakes (D)
  A blue devil (D)
  Prince Ribbit (D)
  A blink frog (D)
  2 spriggans (D)
  A basilisk (D)
  A ynoxinul (D)
  2 wolves (D)
  2 fire elementals (D)
  A water moccasin (D)
  3 orc warriors (D)
  An ice beast (D)
  A black bear (D)
  Purgy (D)
  A necrophage (D)
  2 crocodiles (D)
  2 wasps (D)
  Duvessa (D)
  2 orc priests (D)
  An orc wizard (D)
  2 iguanas (D)
  2 sheep (D)
  A river rat (D)
  A white imp (D)
  An ufetubus (D)
  An adder skeleton (D)
  An orc (D)
  A quokka (D)
  A quokka skeleton (D)
61 creatures vanquished.

Vanquished Creatures (others)
  A stone giant (D)
  A deep elf knight (D)
  A spatial maelstrom (D)
  A deep troll (D)
  A rust devil (D)
  2 two-headed ogres (D)
  2 trolls (D)
  A neqoxec (D)
  3 ogres (D)
  3 crimson imps (D)
  6 quasits (D)
  4 iron imps (D)
  4 white imps (D)
  6 ufetubi (D)
36 creatures vanquished.

Grand Total: 181 creatures vanquished

Notes
Turn   | Place    | Note
--------------------------------------------------------------
     0 | D        | musteatbrain, the Demonspawn Berserker, began the quest for the Orb.
     0 | D        | Reached XP level 1. HP: 18/18 MP: 1/1
     0 | D        | Found a basalt altar of Yredelemnul.
     0 | D        | Found an iron altar of Okawaru.
     0 | D        | Banished a spatial maelstrom
     4 | D        | Found a corrupted altar of Lugonu.
     4 | D        | Found a burning altar of Makhleb.
     4 | D        | Found a radiant altar of Vehumet.
     6 | D        | Found a shimmering altar of Xom.
    11 | D        | Found a viscous altar of Jiyva.
    11 | D        | Found a white marble altar of Elyvilon.
    13 | D        | Found a sparkling altar of Nemelex Xobeh.
    13 | D        | Found a deep blue altar of Sif Muna.
    17 | D        | Found a bloodstained altar of Trog.
   121 | D        | Entered arena 1.
   121 | D        | Noticed an iron imp
   124 | D        | Killed an iron imp
   124 | D        | Reached skill level 4 in Fighting
   124 | D        | Gained mutation: You are immune to rotting. [demonic ancestry]
   124 | D        | Reached XP level 2. HP: 23/26 MP: 2/2
   126 | D        | Reached XP level 3. HP: 28/32 MP: 3/3
   133 | D        | Entered arena 2.
   133 | D        | Noticed a jelly
   133 | D        | Noticed a jelly
   136 | D        | Killed a jelly
   136 | D        | Acquired Trog's second power
   136 | D        | Reached skill level 5 in Fighting
   136 | D        | Reached skill level 5 in Axes
   136 | D        | Gained mutation: A weak demonic guardian rushes to your aid. [demonic ancestry]
   136 | D        | Reached XP level 4. HP: 34/39 MP: 4/4
   137 | D        | Killed a jelly
   137 | D        | Reached skill level 6 in Fighting
   141 | D        | Got the +0 cloak of Limeth {Int+3 Stlth+}
   149 | D        | Entered arena 3.
   149 | D        | Noticed a crimson imp
   149 | D        | Noticed an iron imp
   152 | D        | Killed an iron imp
   152 | D        | Reached skill level 1 in Shields
   153 | D        | Gained mutation: You have large cloven feet. [demonic ancestry]
   153 | D        | Reached XP level 5. HP: 33/47 MP: 5/5
   154 | D        | Killed a crimson imp
   154 | D        | Reached skill level 7 in Fighting
   165 | D        | Entered arena 4.
   165 | D        | Noticed an eye of draining
   165 | D        | Noticed a golden eye
   169 | D        | Killed a golden eye
   169 | D        | Reached skill level 8 in Fighting
   169 | D        | Reached XP level 6. HP: 57/57 MP: 3/6
   169 | D        | Acquired Trog's third power
   172 | D        | Killed an eye of draining
   172 | D        | Reached skill level 9 in Fighting
   181 | D        | Entered arena 5.
   181 | D        | Noticed a giant frog
   181 | D        | Noticed a giant frog
   181 | D        | Noticed a porcupine
   181 | D        | Noticed an iguana
   183 | D        | Killed a porcupine
   183 | D        | Reached skill level 5 in Armour
   183 | D        | Killed an iguana
   183 | D        | Reached XP level 7. HP: 63/65 MP: 2/7
   185 | D        | Killed a giant frog
   186 | D        | Killed a giant frog
   186 | D        | Reached skill level 10 in Fighting
   194 | D        | Got the +7 battleaxe of Dawn {chop, +Inv rN+}
   202 | D        | Entered arena 6.
   202 | D        | Noticed an orc priest
   202 | D        | Noticed an orc wizard
   202 | D        | Noticed an orc priest
   202 | D        | Noticed an orc priest
   205 | D        | Received a gift from Trog
   206 | D        | Killed an orc priest
   208 | D        | Killed an orc wizard
   208 | D        | Killed an orc priest
   210 | D        | Killed an orc priest
   220 | D        | Got the ring "Frujoix" {Dex+4 Stlth+}
   357 | D        | Entered arena 7.
   357 | D        | Noticed a spriggan rider
   357 | D        | Noticed a wolf
   357 | D        | Noticed a black bear
   357 | D        | Noticed a spriggan
   357 | D        | Noticed a spriggan rider
   357 | D        | Noticed a wolf
   360 | D        | Killed a wolf
   360 | D        | Reached skill level 10 in Axes
   362 | D        | Killed a wolf
   363 | D        | Killed a black bear
   364 | D        | Killed a spriggan
   364 | D        | Reached skill level 5 in Dodging
   364 | D        | Reached XP level 8. HP: 41/74 MP: 8/8
   364 | D        | Killed a wasp
   365 | D        | Killed a spriggan
   365 | D        | Received a gift from Trog
   365 | D        | Killed a spriggan rider
   365 | D        | Killed a wasp
   365 | D        | Reached skill level 11 in Fighting
   365 | D        | Reached skill level 5 in Shields
   375 | D        | Received a gift from Trog
   395 | D        | Entered arena 8.
   395 | D        | Noticed an orc wizard
   395 | D        | Noticed an orc warrior
   395 | D        | Noticed an orc warrior
   395 | D        | Noticed an orc priest
   395 | D        | Noticed an orc warrior
   395 | D        | Noticed an orc priest
   398 | D        | Killed an orc warrior
   398 | D        | Killed an orc warrior
   400 | D        | Killed an orc warrior
   401 | D        | Killed an orc wizard
   401 | D        | Killed an orc priest
   402 | D        | Killed an orc priest
   414 | D        | Identified Sif Muna's Reference Book on Ashen Moulding
   422 | D        | Entered arena 9.
   422 | D        | Noticed a fire elemental
   422 | D        | Noticed a fire drake
   422 | D        | Noticed a fire elemental
   422 | D        | Noticed a hell hound
   422 | D        | Noticed a hell hound
   422 | D        | Noticed a hell hog
   422 | D        | Noticed an efreet
   422 | D        | Noticed a fire drake
   426 | D        | Killed a hell hog
   426 | D        | Gained mutation: You have hoof-like feet. [demonic ancestry]
   426 | D        | Reached XP level 9. HP: 65/81 MP: 9/9
   427 | D        | Killed a hell hound
   427 | D        | Killed a fire elemental
   428 | D        | Killed a fire drake
   429 | D        | Killed a hell hound
   429 | D        | Killed an efreet
   429 | D        | Reached skill level 12 in Fighting
   430 | D        | Killed a fire elemental
   431 | D        | Killed a fire drake
   435 | D        | Received a gift from Trog
   454 | D        | Entered arena 10.
   454 | D        | Noticed a wight
   454 | D        | Noticed a phantom
   459 | D        | Killed a wight
   462 | D        | Killed a phantom
   481 | D        | Entered arena 11.
   481 | D        | Noticed a komodo dragon
   481 | D        | Noticed a crocodile
   481 | D        | Noticed a crocodile
   481 | D        | Noticed a hound
   481 | D        | Noticed a water moccasin
   481 | D        | Noticed a crocodile
   481 | D        | Noticed a porcupine
   484 | D        | Killed a hound
   485 | D        | Killed a water moccasin
   486 | D        | Killed a porcupine
   486 | D        | Reached skill level 1 in Evocations
   488 | D        | Killed a komodo dragon
   489 | D        | Killed a crocodile
   490 | D        | Killed a crocodile
   490 | D        | Received a gift from Trog
   493 | D        | Killed a crocodile
   529 | D        | Entered arena 12.
   529 | D        | Noticed a water nymph
   529 | D        | Noticed a siren
   529 | D        | Noticed a siren
   529 | D        | Noticed a griffon
   529 | D        | Noticed a harpy
   529 | D        | Noticed a merfolk avatar
   529 | D        | Noticed a merfolk javelineer
   529 | D        | Noticed a sea snake
   529 | D        | Noticed a merfolk
   531 | D        | Noticed a merfolk
   533 | D        | Noticed a snapping turtle
   533 | D        | Killed a harpy
   533 | D        | Gained mutation: You emit a foul stench. [demonic ancestry]
   533 | D        | Reached XP level 10. HP: 90/90 MP: 13/15
   533 | D        | Killed a water nymph
   534 | D        | Killed a sea snake
   537 | D        | Killed a griffon
   539 | D        | Killed a siren
   540 | D        | Killed a merfolk javelineer
   540 | D        | Reached skill level 5 in Evocations
   542 | D        | Killed a merfolk avatar
   542 | D        | Reached skill level 13 in Fighting
   542 | D        | Killed a merfolk
   543 | D        | Killed a merfolk
   543 | D        | Received a gift from Trog
   545 | D        | Killed a snapping turtle
   545 | D        | Killed a siren
   545 | D        | Reached skill level 10 in Armour
   578 | D        | Entered arena 13.
   578 | D        | Noticed a blink frog
   578 | D        | Noticed a death yak
   578 | D        | Noticed a fire drake
   579 | D        | Noticed a blink frog
   579 | D        | Noticed a spiny frog
   580 | D        | Noticed a porcupine
   580 | D        | Noticed a basilisk
   580 | D        | Noticed an iguana
   584 | D        | Killed a blink frog
   585 | D        | Killed a spiny frog
   585 | D        | Killed a porcupine
   585 | D        | Received a gift from Trog
   585 | D        | Killed a fire drake
   586 | D        | Killed a blink frog
   587 | D        | Killed an iguana
   587 | D        | Killed a death yak
   587 | D        | Reached XP level 11. HP: 93/98 MP: 19/21
   588 | D        | Killed a basilisk
   622 | D        | Identified Sif Muna's Compendium of the Damaging Frostbite (You found it in the Dungeon)
   623 | D        | Entered arena 14.
   623 | D        | Noticed an ice beast
   624 | D        | Noticed an ice dragon
   624 | D        | Noticed an ice devil
   624 | D        | Noticed a blue devil
   629 | D        | Killed a blue devil
   630 | D        | Noticed a necrophage
   630 | D        | Noticed a tormentor
   630 | D        | Killed an ice beast
   631 | D        | Noticed an ice beast
   633 | D        | Killed an ice dragon
   633 | D        | Reached skill level 10 in Dodging
   633 | D        | Killed an ice devil
   635 | D        | Killed a tormentor
   635 | D        | Received a gift from Trog
   637 | D        | Killed an ice beast
   637 | D        | Killed a necrophage
   713 | D        | Identified Sif Muna's Handbook of the Assorted Hells
   718 | D        | Identified the Catalogue of Burning Attacks
   726 | D        | Got the +0 cloak "Maedo" {rN+++ Dex+2}
   746 | D        | Entered arena 15.
   746 | D        | Noticed Harold
   746 | D        | Noticed Prince Ribbit
   746 | D        | Noticed Purgy
   748 | D        | Noticed Polyphemus
   748 | D        | Noticed Gastronok
   749 | D        | Noticed Duvessa
   751 | D        | Noticed Snorg
   752 | D        | Killed Duvessa
   752 | D        | Killed Purgy
   753 | D        | Killed Prince Ribbit
   753 | D        | Killed Harold
   755 | D        | Killed Snorg
   757 | D        | Killed Polyphemus
   757 | D        | Reached skill level 14 in Fighting
   757 | D        | Reached skill level 10 in Shields
   759 | D        | Killed Gastronok
   826 | D        | Entered arena 16.
   828 | D        | Noticed an angel
   829 | D        | Noticed a cherub
   829 | D        | Noticed a cherub
   829 | D        | Noticed a daeva
   830 | D        | Noticed a daeva
   844 | D        | Killed a cherub
   852 | D        | Killed an angel
   855 | D        | HP: 7/151 [daeva/divine providence (9)]
   858 | D        | Killed a daeva
   861 | D        | Killed a daeva
   861 | D        | Reached XP level 12. HP: 4/108 MP: 23/25
   863 | D        | HP: 4/162 [ufetubus[the player character] (3)]
   866 | D        | Killed a cherub
   866 | D        | Reached skill level 10 in Evocations
  1026 | D        | Identified Visuyca's Catalogue of Attacks and Fire (You found it in the Dungeon)
  1041 | D        | Gained mutation: Your system is resistant to poisons. [potion of mutation]
  1041 | D        | Gained mutation: You are agile. (Dex +2) [potion of mutation]
  1041 | D        | Gained mutation: Your flesh is cold resistant. [potion of mutation]
  1058 | D        | Got the amulet of Steqabri {+Blink +Rage +Fly rC- Int+6 Dex-5}
  1086 | D        | Entered arena 17.
  1090 | D        | Noticed a spriggan air mage
  1090 | D        | Noticed an anaconda
  1090 | D        | Noticed a shambling mangrove
  1091 | D        | Noticed an anaconda
  1091 | D        | Noticed a spriggan air mage
  1091 | D        | Noticed an anaconda
  1091 | D        | Noticed a spriggan air mage
  1091 | D        | Noticed a yak
  1092 | D        | Noticed a faun
  1092 | D        | Noticed a dryad
  1093 | D        | Noticed a satyr
  1093 | D        | Noticed a satyr
  1093 | D        | Noticed a spriggan berserker
  1094 | D        | Noticed a wind drake
  1094 | D        | Noticed a shambling mangrove
  1094 | D        | Noticed a dryad
  1095 | D        | Noticed a spriggan air mage
  1097 | D        | Killed an anaconda
  1097 | D        | Received a gift from Trog
  1098 | D        | Killed an anaconda
  1098 | D        | Reached skill level 15 in Fighting
  1099 | D        | Killed an anaconda
  1101 | D        | Killed a yak
  1103 | D        | Killed a spriggan air mage
  1105 | D        | Killed a spriggan air mage
  1105 | D        | Killed a dryad
  1105 | D        | Received a gift from Trog
  1107 | D        | Killed a spriggan berserker
  1108 | D        | Killed a faun
  1109 | D        | Killed a wind drake
  1110 | D        | Killed a spriggan air mage
  1111 | D        | Killed a spriggan air mage
  1111 | D        | Received a gift from Trog
  1115 | D        | Killed a dryad
  1115 | D        | Killed a shambling mangrove
  1117 | D        | Killed a shambling mangrove
  1119 | D        | Killed a satyr
  1119 | D        | Reached skill level 15 in Axes
  1120 | D        | Noticed an oklob plant
  1121 | D        | Killed a satyr
  1121 | D        | Reached skill level 16 in Fighting
  1129 | D        | Killed an oklob plant
  1141 | D        | Received a gift from Trog
  1150 | D        | Received a gift from Trog
  1202 | D        | Entered arena 18.
  1204 | D        | Noticed a deep elf mage
  1204 | D        | Noticed a deep elf knight
  1204 | D        | Noticed a deep elf mage
  1205 | D        | Noticed a deep elf mage
  1205 | D        | Noticed a deep elf blademaster
  1205 | D        | Noticed a deep elf knight
  1205 | D        | Noticed a deep elf fighter
  1205 | D        | Noticed a wolf spider
  1205 | D        | Noticed an ice dragon
  1205 | D        | a wolf spider changed into an ice dragon
  1206 | D        | Noticed a deep elf mage
  1206 | D        | Noticed a deep elf knight
  1206 | D        | Noticed a deep elf conjurer
  1207 | D        | Noticed a deep elf high priest
  1208 | D        | Noticed a deep elf blademaster
  1208 | D        | Noticed a deep elf summoner
  1208 | D        | Noticed a deep elf knight
  1209 | D        | Noticed an anaconda
  1209 | D        | an ice dragon changed into an anaconda
  1210 | D        | Noticed a deep elf sorcerer
  1213 | D        | Noticed a deep elf knight
  1215 | D        | an anaconda changed into an alligator
  1219 | D        | Killed a deep elf blademaster
  1225 | D        | Killed a deep elf knight
  1227 | D        | Reached XP level 13. HP: 65/119 MP: 26/26
  1229 | D        | HP: 2/119 [deep elf knight/long sword (10)]
  1231 | D        | Killed from afar by a deep elf high priest

Action                   |  1- 3 |  4- 6 |  7- 9 | 10-12 | 13-15 || total
-------------------------+-------+-------+-------+-------+-------++-------
Melee: Broad axe         |     5 |     9 |    34 |    80 |     1 ||   129
Invok: Trog's Hand       |       |     1 |     4 |     7 |       ||    12
       Berserk           |       |     1 |       |     4 |       ||     5
       Brothers in Arms  |       |     1 |     8 |    18 |       ||    27
Evoke: Wand              |       |       |       |       |     1 ||     1
       Deck              |       |       |       |       |     1 ||     1
  Use: Scroll            |     1 |       |     1 |     5 |       ||     7
       Potion            |       |     1 |     2 |    11 |     1 ||    15
 Stab: Distracted        |       |       |     2 |     5 |       ||     7
  Eat: Bread ration      |       |       |     1 |     2 |       ||     3
